Cogmind - Beta 12 @@@ ROGUE MODE // 2023.09.18 @ 12:08:30 Player: DuckBoy Result: Destroyed self via exploding Network Hub Performance ------------- Evolutions (4) 2000 Regions Visited (13) 2600 Robots Destroyed (229) 1145 Value Destroyed (9037) 9037 Prototype IDs (13) 260 Alien Tech Used (0) 0 Bonus (3987) 3987 TOTAL SCORE: 19029 Bonus ------- High Alert Combat Kills 1972 Follower Combat Kills 1612 Network Hubs Disabled 400 A7 Reached Mainframe 300 Met R17 at Cetus 500 Friendly Fire -797 Cogmind --------- Core Integrity 0/850 Matter 55/300 Energy 70/100 System Corruption 26% Temperature Cool (0) Movement Rolling (86) Location -6/Hub_04(d) Parts ------- > --- POWER (2) -------- (None) > --- PROPULSION (3) --- Wheel Wheel Compact Wheel > --- UTILITY (6) ------ Advanced Heat Sink Advanced Heat Sink Structural Scanner Advanced Visual Processing Unit Improved Salvage Targeting Computer > --- WEAPON (4) ------- Heavy Laser Gauss Cannon Heavy Flak Cannon > --- INVENTORY (5) ---- Light Treads Faulty Cooled Pulse Rifle Cooled Pulse Rifle Cooled Pulse Rifle Cooled Pulse Rifle Peak State ------------ > --- POWER ------------ Quantum Reactor Quantum Reactor > --- PROPULSION ------- Improved Medium Treads Centrium Heavy Treads > --- UTILITY ---------- Advanced Heat Sink Cooling System Improved Cooling System High-capacity Storage Unit Advanced Visual Processing Unit Centrium Medium Armor Plating > --- WEAPON ----------- Advanced Variable Charge Gun Heavy Neutron Cannon Heavy Neutron Cannon Cooled Phase Cannon > --- INVENTORY -------- Improved Deuterium Engine Improved Deuterium Engine Reinforced Deuterium Engine Armored Treads Armored Wheel Improved Heat Sink Improved Signal Interpreter Improved Salvage Targeting Computer Improved Particle Charger Centrium Medium Armor Plating Graphene Brace Hardlight Generator Heavy Gatling Laser Heavy Gatling Laser Heavy Neutron Cannon Heavy Neutron Cannon Heavy Neutron Cannon Heavy Neutron Cannon Cooled Phase Cannon Light Antimatter Cannon [Rating: 108] Favorites ----------- Power Heavy Ion Engine Engine Heavy Ion Engine Power Core Micro Nuclear Core Reactor Quantum Reactor Propulsion Compact Wheel Treads Armored Treads Wheel Compact Wheel Utility High-capacity Storage Unit Device Improved Heat Sink Storage High-capacity Storage Unit Processor Advanced Visual Processing Unit Protection Centrium Medium Armor Plating Weapon Heavy Neutron Cannon Energy Gun Pulse Rifle Energy Cannon Heavy Neutron Cannon Ballistic Gun Light Assault Rifle Ballistic Cannon Gauss Cannon Launcher Shock Bomb Launcher Build | -11 -10 -10 -9 -9 -9 -8 -8 -7 -6 -6 -6 -6 -6 ------- Run | Jun Mat Min Mat Min Exi Min Mat Fac Fac Ext Cet Arc Hub Slots Evolved 8 | . . . 2 . . . 2 2 2 . . . . Power 1 | . . . 1 . . . . . . . . . . Propulsion 1 | . . . . . . . . 1 . . . . . Utility 4 | . . . . . . . 1 1 2 . . . . Weapon 2 | . . . 1 . . . 1 . . . . . . Parts Attached 238 | 6 16 11 17 1 1 . 38 58 5 5 12 4 64 Power 34 | 1 1 2 5 . . . 5 7 . 1 3 . 9 Engine 27 | 1 1 2 5 . . . 5 6 . 1 . . 6 Core 1 | . . . . . . . . . . . . . 1 Reactor 6 | . . . . . . . . 1 . . 3 . 2 Propulsion 73 | 2 11 5 6 . . . 10 13 . 1 4 3 18 Treads 36 | . 5 3 1 . . . 5 7 . 1 3 2 9 Leg . | . . . . . . . . . . . . . . Wheel 37 | 2 6 2 5 . . . 5 6 . . 1 1 9 Hover . | . . . . . . . . . . . . . . Flight . | . . . . . . . . . . . . . . Utility 54 | 1 3 . 2 . 1 . 9 8 2 3 4 1 20 Device 40 | . 2 . 2 . . . 6 6 2 3 2 1 16 Storage 3 | 1 1 . . . 1 . . . . . . . . Processor 5 | . . . . . . . 1 2 . . 1 . 1 Hackware . | . . . . . . . . . . . . . . Protection 6 | . . . . . . . 2 . . . 1 . 3 Artifact . | . . . . . . . . . . . . . . Weapon 77 | 2 1 4 4 1 . . 14 30 3 . 1 . 17 Energy Gun 22 | . . . . . . . 4 12 . . 1 . 5 Energy Cannon 22 | . . . 1 . . . 4 8 3 . . . 6 Ballistic Gun 18 | 2 1 4 3 1 . . 4 2 . . . . 1 Ballistic Cannon 9 | . . . . . . . . 5 . . . . 4 Launcher 6 | . . . . . . . 2 3 . . . . 1 Special Weapon . | . . . . . . . . . . . . . . Impact Weapon . | . . . . . . . . . . . . . . Slashing Weapon . | . . . . . . . . . . . . . . Piercing Weapon . | . . . . . . . . . . . . . . Special Melee Weapon . | . . . . . . . . . . . . . . Unidentified Prototypes 13 | . . . 1 . . . . 9 . . 3 . . Corrupted Parts 3 | . . . . . . . 3 . . . . . . System Corruption 9 | . . . . . . . 9 . . . . . . Parts Lost 109 | . 2 4 5 . . . 23 25 . 1 . 1 48 Power 20 | . 1 1 1 . . . 3 5 . . . . 9 Propulsion 27 | . 1 1 2 . . . 6 6 . . . 1 10 Utility 22 | . . . . . . . 3 3 . 1 . . 15 Weapon 40 | . . 2 2 . . . 11 11 . . . . 14 Highest Loss Streak 16 | . 1 3 2 . . . 11 11 . 1 . 1 16 To Critical Strikes 3 | . . . . . . . . 1 . . . . 2 Average Slot Usage (%) 94 | . 89 97 99 100 100 100 95 90 92 93 92 95 95 Engine 12 | . 13 13 22 22 22 22 17 13 13 13 1 . 2 Reactor 2 | . . . . . . . . . . . 11 13 7 Treads 6 | . 4 10 2 . . . 2 5 6 6 6 11 12 Wheel 11 | . 23 16 19 22 22 22 14 9 6 6 5 3 5 Device 16 | . 5 14 10 11 11 11 12 13 25 26 19 20 20 Storage 7 | . 14 14 11 11 11 11 9 7 6 6 6 6 4 Processor 4 | . . . . . . . 1 6 6 6 7 6 8 Protection 1 | . . . . . . . 3 . . . 4 6 3 Energy Gun 4 | . . . . . . . 2 14 . . 4 6 4 Energy Cannon 11 | . . . . 11 11 11 17 4 25 26 21 20 15 Ballistic Gun 9 | . 28 27 31 22 22 22 12 2 . . . . . Ballistic Cannon 2 | . . . . . . . . 6 . . . . 3 Naked Turns . | . . . . . . . . . . . . . . Heaviest Build 139 | 10 46 48 63 65 65 65 74 112 122 119 134 134 139 Greatest Support 110 | 32 40 40 40 32 32 32 40 60 28 28 110 73 83 Greatest Overweight (x) 20 | . 1 1 2 2 2 2 4 20 4 4 4 11 8 Average Overweight (x) 2 | . . 1 1 1 2 2 2 2 3 4 3 6 1 Largest Inventory Capacity 20 | 8 20 20 20 20 20 20 20 20 20 20 20 20 20 Average Capacity 19 | 6 14 20 20 20 20 20 20 20 20 20 20 20 16 Most Carried 20 | 4 12 15 20 20 20 20 20 20 20 20 20 20 20 Average Carried 16 | 2 9 13 17 19 20 20 16 17 18 19 19 19 13 Final Capacity 20 | 8 20 20 20 20 20 20 20 20 20 20 20 20 5 Final Carried 20 | 4 12 15 20 20 20 20 13 20 20 20 19 20 5 Class Distribution -------------------- 44% | Scavenger-Tank 16% | Scavenger-Gunner 14% | Scavenger-Skirmisher 12% | Scavenger-Mutant 6% | Mutant 3% | Gunner Dominant Class ---------------- Mutant | -10/Materials Scavenger-Mutant | -10/Mines Scavenger-Gunner | -9/Materials Scavenger-Gunner | -9/Mines Scavenger-Gunner | -9/Exiles Scavenger-Gunner | -8/Mines Gunner | -8/Materials Scavenger-Tank | -7/Factory Scavenger-Tank | -6/Factory Scavenger-Tank | -6/Extension Scavenger-Tank | -6/Cetus Scavenger-Tank | -6/Archives Scavenger-Tank | -6/Hub_04(d) Resources | -11 -10 -10 -9 -9 -9 -8 -8 -7 -6 -6 -6 -6 -6 ----------- Run | Jun Mat Min Mat Min Exi Min Mat Fac Fac Ext Cet Arc Hub Matter Collected 4204 | 175 363 107 444 26 . . 754 1215 52 64 110 60 834 Remotely . | . . . . . . . . . . . . . . Salvage Created 8319 | . 446 114 1029 . . . 1323 2011 284 486 293 103 2230 Parts 375 | . 37 16 71 . . . 51 65 19 12 12 . 92 Haulers Intercepted 4 | . . . 2 . . . . 2 . . . . . Recyclers Shooed 2 | . . . 1 . . . 1 . . . . . . Parts Field Recycled . | . . . . . . . . . . . . . . Retrieved Matter . | . . . . . . . . . . . . . . Parts Self-Destructed . | . . . . . . . . . . . . . . Prevented . | . . . . . . . . . . . . . . Kills | -11 -10 -10 -9 -9 -9 -8 -8 -7 -6 -6 -6 -6 -6 ------- Run | Jun Mat Min Mat Min Exi Min Mat Fac Fac Ext Cet Arc Hub Combat Hostiles Destroyed 172 | . 11 7 18 . . . 27 44 3 7 4 2 49 Guns 76 | . 11 7 16 . . . 11 15 . . . . 16 Cannons 71 | . . . 2 . . . 8 19 2 6 4 2 28 AOE 21 | . . . . . . . 8 8 1 . . . 4 Classes Destroyed 21 | . 5 . 5 . . . 5 2 1 1 . . 2 Worker 15 | . 2 . 3 . . . 4 1 1 . . . 4 Builder 7 | . . . . . . . 1 . 1 . . . 5 Tunneler 1 | . . . . . . . . . 1 . . . . Hauler 4 | . . . 2 . . . . 2 . . . . . Recycler 8 | . 1 . 2 . . . 1 2 . . . . 2 Mechanic 5 | . . . 1 . . . 1 1 . . . . 2 Operator 4 | . 1 . 1 . . . . 1 . 1 . . . Watcher 10 | . . . 2 . . . 1 . 3 . . . 4 Swarmer 33 | . 6 6 4 . . . 3 6 . . . . 8 Cutter 1 | . . . . . . . . . . . . . 1 Saboteur 1 | . . . . . . . . . . . . . 1 Grunt 72 | . 5 1 8 . . . 14 18 . 4 2 . 20 Brawler 4 | . . . . . . . 2 . . . . . 2 Duelist 7 | . . . 1 . . . . 1 . . . . 5 Protector 2 | . . . . . . . . 1 . . . . 1 Sentry 19 | . . . 5 . . . 3 5 1 1 . 2 2 Specialist 7 | . . . . . . . 2 5 . . . . . Hunter 11 | . . . . . . . 2 3 2 1 . . 3 Programmer 6 | . . . . . . . . 4 . . . . 2 Heavy 2 | . . . . . . . 1 1 . . . . . Behemoth 2 | . . . . . . . . . . 1 . . 1 Cetus Guard 2 | . . . . . . . . . . . 2 . . Lightning 3 | . . . . . . . . . . . . . 3 Thug 1 | . . . . . . . . . . 1 . . . Guerrilla 2 | . . . . . . . . . . 1 1 . . Best Kill Streak 21 | . 3 3 11 . . . 21 19 4 2 2 1 16 Combat Bots Only 17 | . 3 3 4 . . . 17 8 1 2 2 1 8 Max Kills in Single Turn 3 | . 2 1 1 . . . 3 3 2 2 1 1 2 Gunslinging 1 | . 1 . . . . . . 1 . . . . . Exploded 3 | . . . . . . . 2 3 1 . . . 2 Melee . | . . . . . . . . . . . . . . Uniques/NPCs Destroyed . | . . . . . . . . . . . . . . Combat | -11 -10 -10 -9 -9 -9 -8 -8 -7 -6 -6 -6 -6 -6 -------- Run | Jun Mat Min Mat Min Exi Min Mat Fac Fac Ext Cet Arc Hub Damage Taken 16358 | . 486 299 637 . . . 2900 4037 280 400 99 370 6850 Core 2252 | . 54 72 126 . . . 482 655 5 63 30 45 720 Absorbed by Shields 154 | . . . . . . . . . . 110 44 . . Regen/Repaired (Parts) 37 | . . . 37 . . . . . . . . . . Core Remaining (%) 47 | 100 . 49 . . . 68 12 6 . . . . . Volleys Fired 530 | . 67 31 75 . . . 75 94 10 26 10 5 137 Largest 4 | . 2 2 3 . . . 4 4 4 4 4 4 4 Hottest 440 | . 40 40 103 . . . 209 330 440 300 340 340 380 Shots Fired 1566 | . 134 60 217 . . . 230 302 40 82 35 19 447 Gun 772 | . 134 60 206 . . . 111 147 . . 3 4 107 Cannon 768 | . . . 11 . . . 108 143 40 82 32 15 337 Launcher 26 | . . . . . . . 11 12 . . . . 3 Special . | . . . . . . . . . . . . . . Kinetic 675 | . 134 60 206 . . . 85 102 . . . . 88 Thermal 827 | . . . 11 . . . 115 169 40 82 35 19 356 Explosive 13 | . . . . . . . 8 5 . . . . . Electromagnetic 51 | . . . . . . . 22 26 . . . . 3 Robot Hit Streak 17 | . 10 9 13 . . . 11 17 6 8 11 9 9 Robot Miss Streak 9 | . 4 5 5 . . . 4 7 2 3 2 4 9 Penetration Max 1 | . . . . . . . . 1 . . . . . Secondary Targets 9 | . 2 2 2 . . . . 3 . . . . . Max Gunslinging Chain 1 | . 1 1 1 . . . . 1 . . . . . Shots Hit Robots 918 | . 78 32 135 . . . 145 195 13 37 22 9 252 Core Hits 477 | . 33 16 59 . . . 73 117 12 17 8 4 138 Critical Kills 3 | . . . 1 . . . . . . 1 . . 1 Critical Parts Destroyed 2 | . 1 . . . . . 1 . . . . . . Critical Strikes 14 | . 1 . 1 . . . 1 6 . 1 . . 4 Burn 3 | . . . . . . . . 3 . . . . . Meltdown 2 | . . . . . . . . . . 1 . . 1 Destroy 3 | . 1 . 1 . . . 1 . . . . . . Blast 6 | . . . . . . . . 3 . . . . 3 Melee Attacks . | . . . . . . . . . . . . . . Impact . | . . . . . . . . . . . . . . Slashing . | . . . . . . . . . . . . . . Piercing . | . . . . . . . . . . . . . . Sneak Attacks . | . . . . . . . . . . . . . . Combat Hostiles . | . . . . . . . . . . . . . . Follow-up Attacks . | . . . . . . . . . . . . . . Damage Inflicted 26761 | . 673 288 1316 . . . 4012 6015 803 1758 913 338 10645 Guns 8286 | . 673 282 1246 . . . 1139 2417 . . 93 55 2381 Cannons 14320 | . . . 70 . . . 1362 2414 747 1758 820 283 6866 Explosions 4096 | . . . . . . . 1491 1174 56 . . . 1375 Melee . | . . . . . . . . . . . . . . Ramming 59 | . . 6 . . . . 20 10 . . . . 23 Kinetic 6137 | . 673 282 1246 . . . 871 1683 . . . . 1382 Thermal 17004 | . . . 70 . . . 1538 2919 803 1758 913 338 8665 Explosive 1868 | . . . . . . . 1089 779 . . . . . Electromagnetic 1693 | . . . . . . . 494 624 . . . . 575 Impact . | . . . . . . . . . . . . . . Slashing . | . . . . . . . . . . . . . . Piercing . | . . . . . . . . . . . . . . Highest Corruption 24 | . . . . . . . 9 3 . 5 5 5 24 Average Corruption 6 | . . . . . . . 4 3 . 5 5 5 11 Corruption Purged . | . . . . . . . . . . . . . . Corruption Blocked 3 | . . . . . . . . 3 . . . . . Effects 107 | . . . . . . . 2 28 . 8 10 6 53 Message Errors 22 | . . . . . . . . 5 . 2 1 . 14 Matter Fused 20 | . . . . . . . 1 5 . 2 1 1 10 Heat Flow Errors 9 | . . . . . . . . 3 . 1 1 1 3 Energy Discharges 15 | . . . . . . . . 7 . . . 1 7 Parts Rejected 2 | . . . . . . . . . . 1 . . 1 Parts Fused 1 | . . . . . . . . . . . . . 1 Data Loss (minor) 10 | . . . . . . . . 2 . . 2 2 4 Data Loss (major) 6 | . . . . . . . 1 2 . 1 . . 2 Misfires 7 | . . . . . . . . 1 . . 5 . 1 Alerts 2 | . . . . . . . . 1 . 1 . . . Misdirections 1 | . . . . . . . . . . . . . 1 Weapon Failures 12 | . . . . . . . . 2 . . . 1 9 Overload Shots 15 | . . . . . . . . 12 . . . . 3 Overflow Damage 772 | . . . . . . . 90 149 6 120 . . 407 Projectiles 498 | . . . . . . . . 140 6 120 . . 232 Explosions 274 | . . . . . . . 90 9 . . . . 175 Melee . | . . . . . . . . . . . . . . Knockbacks 25 | . . 1 . . . . 1 2 . . . . 21 Impact 2 | . . 1 . . . . 1 . . . . . . Kinetic 22 | . . . . . . . . 2 . . . . 20 Secondary 1 | . . . . . . . . . . . . . 1 Self-Inflicted Damage 663 | . . . . . . . 248 216 . . . . 199 Shots 19 | . . . . . . . 8 8 . . . . 3 Rammed 5 | . . 2 . . . . 1 1 . . . . 1 Targets Rammed 5 | . . 2 . . . . 1 1 . . . . 1 Kicked . | . . . . . . . . . . . . . . Crushed . | . . . . . . . . . . . . . . Highest Temperature 492 | . 12 1 72 . . . 414 487 213 138 187 187 492 Average Temperature 109 | . 5 1 13 . . . 120 120 69 46 51 73 131 Received Heat Transfer 3631 | . 135 48 144 . . . 900 885 18 109 9 81 1302 Effects 14 | . . . . . . . 3 5 . . . . 6 Shutdowns 4 | . . . . . . . . 1 . . . . 3 Energy Bleed 2 | . . . . . . . 2 . . . . . . Interference 5 | . . . . . . . . 3 . . . . 2 Matter Decay 1 | . . . . . . . 1 . . . . . . Damage (minor) 2 | . . . . . . . . 1 . . . . 1 Siege Activations . | . . . . . . . . . . . . . . Robots Corrupted 1 | . . . . . . . . 1 . . . . . Combat Hostiles . | . . . . . . . . . . . . . . Parts Fried 4 | . . . . . . . 1 . . . 1 . 2 Impact Corruptions . | . . . . . . . . . . . . . . Robots Melted 4 | . . . . . . . . 2 . 1 . . 1 Combat Hostiles 4 | . . . . . . . . 2 . 1 . . 1 Parts Melted 23 | . . . . . . . 4 12 1 3 1 . 2 Heat Transferred 14822 | . . . 148 . . . 3236 4547 383 666 462 148 5232 Parts Sabotaged . | . . . . . . . . . . . . . . Parts Stolen . | . . . . . . . . . . . . . . Parts Stripped . | . . . . . . . . . . . . . . Power Chain Reactions 14 | . . . . . . . 2 2 1 . . . 9 Missiles Intercepted . | . . . . . . . . . . . . . . Alert | -11 -10 -10 -9 -9 -9 -8 -8 -7 -6 -6 -6 -6 -6 ------- Run | Jun Mat Min Mat Min Exi Min Mat Fac Fac Ext Cet Arc Hub Peak Influence 1221 | . 247 225 315 64 . . 569 942 586 842 938 428 1221 Initial 395 | . . 45 87 64 . . . 211 360 189 395 295 149 Average 433 | . 130 143 192 64 . . 275 419 423 467 664 413 867 Maximum Alert Level 4 | . 1 1 1 . . . 2 3 2 3 3 2 4 Low Security (%) 28 | 100 72 85 52 100 . 100 39 23 . 13 . . 3 Level 1 22 | . 27 14 47 . . . 38 24 41 18 5 11 4 Level 2 31 | . . . . . . . 22 39 58 65 47 88 25 Level 3 12 | . . . . . . . . 12 . 2 47 . 38 Level 4 4 | . . . . . . . . . . . . . 28 Level 5 . | . . . . . . . . . . . . . . High Security . | . . . . . . . . . . . . . . Max Security . | . . . . . . . . . . . . . . Squads Dispatched 40 | . 2 . 1 . . . 6 11 2 2 . . 16 Investigation 7 | . . . . . . . 1 . 1 2 . . 3 Extermination 3 | . . . . . . . . 2 . . . . 1 Reinforcement 19 | . 2 . 1 . . . 5 5 1 . . . 5 Assault 6 | . . . . . . . . 2 . . . . 4 Garrison 5 | . . . . . . . . 2 . . . . 3 Intercept . | . . . . . . . . . . . . . . Searches Triggered . | . . . . . . . . . . . . . . Construction Impeded 4 | . . . . . . . 2 1 . . . . 1 Haulers Reinforced . | . . . . . . . . . . . . . . Active Scanning Responses . | . . . . . . . . . . . . . . Cargo Convoy Interrupts 1 | . . . . . . . . 1 . . . . . Stealth | -11 -10 -10 -9 -9 -9 -8 -8 -7 -6 -6 -6 -6 -6 --------- Run | Jun Mat Min Mat Min Exi Min Mat Fac Fac Ext Cet Arc Hub Distress Signals 10 | . . . 1 . . . 3 . . . 2 . 4 Communications Jammed . | . . . . . . . . . . . . . . Distress Signals . | . . . . . . . . . . . . . . Times Spotted 287 | . 22 11 24 . . . 42 64 6 27 17 4 70 Peak Tracking Total 10 | . 3 5 5 . . . 8 10 1 6 5 2 8 Tactical Retreats 11 | . . 2 . . . . 3 2 . . 1 . 3 Traps | -11 -10 -10 -9 -9 -9 -8 -8 -7 -6 -6 -6 -6 -6 ------- Run | Jun Mat Min Mat Min Exi Min Mat Fac Fac Ext Cet Arc Hub Traps Triggered 7 | . . . 1 . . . 1 . 1 4 . . . Indirectly . | . . . . . . . . . . . . . . Trap Hack Attempts . | . . . . . . . . . . . . . . Triggered . | . . . . . . . . . . . . . . Disarmed 6 | . . . . . . . . 6 . . . . . Reprogrammed . | . . . . . . . . . . . . . . Reused . | . . . . . . . . . . . . . . Traps Extracted . | . . . . . . . . . . . . . . Installed . | . . . . . . . . . . . . . . Triggered . | . . . . . . . . . . . . . . Machines | -11 -10 -10 -9 -9 -9 -8 -8 -7 -6 -6 -6 -6 -6 ---------- Run | Jun Mat Min Mat Min Exi Min Mat Fac Fac Ext Cet Arc Hub Machines Disabled 46 | . . . 3 . . . 2 7 1 5 3 3 22 Max in Single Turn 6 | . . . 2 . . . 1 1 1 1 1 . 6 Garrison Access 5 | . . . . . . . . 3 1 . . . 1 Network Hub 2 | . . . . . . . . . . . . . 2 Machines Repaired . | . . . . . . . . . . . . . . Machines Sabotaged . | . . . . . . . . . . . . . . Overloaded Fab Kills . | . . . . . . . . . . . . . . Hacking | -11 -10 -10 -9 -9 -9 -8 -8 -7 -6 -6 -6 -6 -6 --------- Run | Jun Mat Min Mat Min Exi Min Mat Fac Fac Ext Cet Arc Hub Machines Accessed 33 | . 3 . 6 . 1 1 2 5 2 7 2 1 3 Terminals 24 | . 3 . 5 . . 1 1 3 . 7 2 . 2 Fabricators 1 | . . . . . . . . . 1 . . . . Repair Stations 2 | . . . 1 . . . 1 . . . . . . Recycling Units . | . . . . . . . . . . . . . . Scanalyzers . | . . . . . . . . . . . . . . Garrison Access 4 | . . . . . . . . 2 1 . . . 1 Total Hacks 103 | . 9 . 11 . 1 2 9 12 5 15 6 25 8 Successful 56 | . 4 . 4 . 1 . 4 8 3 2 4 25 1 Failed 47 | . 5 . 7 . . 2 5 4 2 13 2 . 7 Catastrophic 9 | . 1 . 1 . . . . 1 . 4 . . 2 Database Lockouts . | . . . . . . . . . . . . . . Manual 32 | . 4 . 5 . . 1 4 7 4 . 2 1 4 Terminals 60 | . 9 . 9 . . 2 4 9 . 15 6 . 6 Fabricators 4 | . . . . . . . . . 4 . . . . Repair Stations 7 | . . . 2 . . . 5 . . . . . . Recycling Units . | . . . . . . . . . . . . . . Scanalyzers . | . . . . . . . . . . . . . . Garrison Access 6 | . . . . . . . . 3 1 . . . 2 Terminal Hacks 42 | . 4 . 1 . 1 . . 4 . 2 4 25 1 Record 30 | . . . . . 1 . . . . . 4 25 . Robot Schematic 1 | . 1 . . . . . . . . . . . . Level Access Points 1 | . . . . . . . . 1 . . . . . Emergency Access Points 1 | . . . . . . . . . . . . . 1 Alert Level 2 | . . . . . . . . 1 . 1 . . . Unreport Threat 3 | . . . 1 . . . . 1 . 1 . . . Locate Traps 1 | . 1 . . . . . . . . . . . . Disarm Traps 1 | . . . . . . . . 1 . . . . . Investigation Status 1 | . 1 . . . . . . . . . . . . Hauler Manifests 1 | . 1 . . . . . . . . . . . . Fabricator Hacks . | . . . . . . . . . . . . . . Repair Station Hacks 5 | . . . 2 . . . 3 . . . . . . Scan Component 3 | . . . 1 . . . 2 . . . . . . Repair 2 | . . . 1 . . . 1 . . . . . . Recycling Unit Hacks . | . . . . . . . . . . . . . . Scanalyzer . | . . . . . . . . . . . . . . Garrison Access Hacks 3 | . . . . . . . . 2 1 . . . . Seal Access 3 | . . . . . . . . 2 1 . . . . Unauthorized Hacks 6 | . . . 1 . . . 1 2 2 . . . . Terminals 4 | . . . 1 . . . 1 2 . . . . . Botnet 4 | . . . 1 . . . 1 2 . . . . . Fabricators 2 | . . . . . . . . . 2 . . . . Report 1 | . . . . . . . . . 1 . . . . Liberate 1 | . . . . . . . . . 1 . . . . Repair Stations . | . . . . . . . . . . . . . . Recycling Units . | . . . . . . . . . . . . . . Scanalyzers . | . . . . . . . . . . . . . . Garrison Access . | . . . . . . . . . . . . . . Data Cores Recovered 1 | . . . . . . . . . . 1 . . . Used . | . . . . . . . . . . . . . . Hacking Detections 26 | . 3 . 5 . . 1 1 3 1 7 2 . 3 Full Trace Events 5 | . . . . . . . . . . 2 . . 3 Feedback Events . | . . . . . . . . . . . . . . Feedback Blocked . | . . . . . . . . . . . . . . Robot Schematics Acquired 1 | . 1 . . . . . . . . . . . . Robots Built . | . . . . . . . . . . . . . . Authchips . | . . . . . . . . . . . . . . Time . | . . . . . . . . . . . . . . Total Robot Build Rating . | . . . . . . . . . . . . . . Part Schematics Acquired . | . . . . . . . . . . . . . . Parts Built . | . . . . . . . . . . . . . . Authchips . | . . . . . . . . . . . . . . Time . | . . . . . . . . . . . . . . Total Part Build Rating . | . . . . . . . . . . . . . . Parts Repaired 1 | . . . 1 . . . . . . . . . . Time 82 | . . . 38 . . . 44 . . . . . . Parts Recycled . | . . . . . . . . . . . . . . Recycled Matter . | . . . . . . . . . . . . . . Retrieved Matter . | . . . . . . . . . . . . . . Retrieved Components . | . . . . . . . . . . . . . . Parts Scanalyzed . | . . . . . . . . . . . . . . Part Schematics Acquired . | . . . . . . . . . . . . . . Parts Damaged . | . . . . . . . . . . . . . . Bothacking | -11 -10 -10 -9 -9 -9 -8 -8 -7 -6 -6 -6 -6 -6 ------------ Run | Jun Mat Min Mat Min Exi Min Mat Fac Fac Ext Cet Arc Hub Used RIF Installer . | . . . . . . . . . . . . . . Robots Hacked . | . . . . . . . . . . . . . . Non-combat . | . . . . . . . . . . . . . . Combat . | . . . . . . . . . . . . . . Robot Hacks Applied . | . . . . . . . . . . . . . . Relay Couplers Released 4 | . . . . . . . . 2 . . . . 2 Machine Destruction 4 | . . . . . . . . 2 . . . . 2 Fabnet Peak Effective % . | . . . . . . . . . . . . . . Robots Rewired 15 | . . . . . . . . . . 15 . . . Allies Hacked . | . . . . . . . . . . . . . . Hacks Repelled . | . . . . . . . . . . . . . . Allies | -11 -10 -10 -9 -9 -9 -8 -8 -7 -6 -6 -6 -6 -6 -------- Run | Jun Mat Min Mat Min Exi Min Mat Fac Fac Ext Cet Arc Hub Total Allies 23 | . . . . . . . . . 3 20 . . . Largest Group 15 | . . . . . . . . . 3 15 9 4 1 Highest-Rated Group 592 | . . . . . . . . . 87 592 419 253 38 Highest-Rated Ally 159 | . . . . . . . . . 29 159 159 146 38 Total Orders 2 | . . . . . . . . . . . . . 2 ROAM 1 | . . . . . . . . . . . . . 1 EXPLORE 1 | . . . . . . . . . . . . . 1 Ally Attacks 250 | . . . . . . . . . . 159 70 17 4 Total Damage 4915 | . . . . . . . . . . 3074 1576 250 15 Kills 43 | . . . . . . . . . . 26 15 2 . Allies Corrupted . | . . . . . . . . . . . . . . Allies Melted 1 | . . . . . . . . . . 1 . . . Intel | -11 -10 -10 -9 -9 -9 -8 -8 -7 -6 -6 -6 -6 -6 ------- Run | Jun Mat Min Mat Min Exi Min Mat Fac Fac Ext Cet Arc Hub Robot Analysis Total . | . . . . . . . . . . . . . . Derelict Logs Recovered 1 | . . 1 . . . . . . . . . . . Drone Launches 2 | . . . . . . . . . . . . . 2 Drone Recoveries . | . . . . . . . . . . . . . . Exploration | -11 -10 -10 -9 -9 -9 -8 -8 -7 -6 -6 -6 -6 -6 ------------- Run | Jun Mat Min Mat Min Exi Min Mat Fac Fac Ext Cet Arc Hub Turns Passed 8779 | 68 566 333 931 106 224 91 799 2011 426 995 454 328 1447 Spaces Moved 4219 | 56 309 158 528 87 172 71 356 931 226 473 247 127 478 Core 2 | 1 . . . . . . . 1 . . . . . Treads 392 | . 3 31 16 . . . 4 57 . . 3 48 230 Legs . | . . . . . . . . . . . . . . Wheels 3825 | 55 306 127 512 87 172 71 352 873 226 473 244 79 248 Hover . | . . . . . . . . . . . . . . Flight . | . . . . . . . . . . . . . . Fastest Speed 50 | 50 100 105 105 115 130 130 115 115 145 160 160 160 86 Average Speed 144 | 99 105 131 118 117 130 130 133 141 158 160 160 237 174 Slowest Speed 1050 | 100 160 240 240 130 130 130 240 1050 160 160 240 255 243 Overloaded Moves . | . . . . . . . . . . . . . . Propulsion Burnouts . | . . . . . . . . . . . . . . Robots Hopped . | . . . . . . . . . . . . . . Cave-ins Triggered . | . . . . . . . . . . . . . . Exploration Rate (%) 45 | 4 53 40 47 18 54 25 33 28 11 75 86 98 58 Regions Visited 13 Branch Regions 8 Pre-discovered Areas 2 | . . 1 . . 1 . . . . . . . . Known Exits Taken 2 | . . . . . . . . 1 . . 1 . . Unknown Exits Taken 11 | 1 1 1 1 1 1 1 1 . 1 1 . 1 . Scrap Searched 1 | . . . . 1 . . . . . . . . . Spaces Dug 18 | . . . . . . . . 4 4 10 . . . Terrain Destroyed 474 | . . . . . . . 37 94 14 29 5 5 290 Melee . | . . . . . . . . . . . . . . Projectile 165 | . . . . . . . . 45 11 29 5 5 70 AOE 309 | . . . . . . . 37 49 3 . . . 220 Terrain Rammed . | . . . . . . . . . . . . . . Walls Destroyed . | . . . . . . . . . . . . . . Machines Disabled . | . . . . . . . . . . . . . . Actions | -11 -10 -10 -9 -9 -9 -8 -8 -7 -6 -6 -6 -6 -6 --------- Run | Jun Mat Min Mat Min Exi Min Mat Fac Fac Ext Cet Arc Hub Total 5803 | 66 435 229 704 92 173 70 517 1407 267 660 288 140 755 Wait 503 | . 34 24 63 . . . 29 265 24 8 1 2 53 Move 4207 | 55 308 157 527 86 171 70 355 931 225 472 246 126 478 Hop . | . . . . . . . . . . . . . . Pick Up 119 | 5 9 4 15 2 . . 16 35 3 4 6 2 18 Fast Attach 47 | 5 1 1 1 . . . 4 14 . 1 4 1 15 Attach 105 | 1 2 3 8 . . . 23 26 3 1 . 1 37 Detach 7 | . . . . . . . . 7 . . . . . Swap 86 | . 13 7 8 1 1 . 11 18 2 3 8 2 12 Drop 56 | . 1 . 7 3 1 . 3 17 . 6 13 1 4 Fire 530 | . 67 31 75 . . . 75 94 10 26 10 5 137 Melee . | . . . . . . . . . . . . . . Ram 1 | . . . . . . . 1 . . . . . . Kick . | . . . . . . . . . . . . . . Crush 3 | . . 2 . . . . . . . . . . 1 Escape Stasis 40 | . . . . . . . . . . 40 . . . Rewire 99 | . . . . . . . . . . 99 . . . Trap . | . . . . . . . . . . . . . . Miscellaneous . | . . . . . . . . . . . . . . Route ------- -11/Junkyard -10/Materials (discovered 2 exits: *Mat / [*Min]) -10/Mines -9/Materials (discovered 3 exits: *Mat / [*Min] / [*Sto]) -9/Mines -9/Exiles -8/Mines -8/Materials -7/Factory (discovered 4 exits: *Fac x4) -6/Factory -6/Extension (discovered 2 exits: *Fac / *Cet) -6/Cetus (discovered 2 exits: *Fac / *Arc) -6/Archives (discovered 3 exits: *Fac / *Hub x2) -6/Hub_04(d) History --------- Turn | Location | Event 5 | -11/Junkyard | Discovered new exit (range 15) 69 | -11/Junkyard | Entered Materials 334 | -10/Materials | Build established: Mutant 382 | -10/Materials | Discovered new exit (range 16) 620 | -10/Materials | Discovered new exit (range 7) 635 | -10/Materials | Entered Mines 771 | -10/Mines | Lost 3 parts (1n2w) 892 | -10/Mines | Core integrity fell below 50% 948 | -10/Mines | Discovered new exit (range 8) 967 | -10/Mines | Build established: Scavenger-Mutant 968 | -10/Mines | Entered Materials 968 | -9/Materials | Evolved 2 slots: Power x1, Weapon x1 1089 | -9/Materials | Discovered new exit (range 16) 1268 | -9/Materials | Build established: Scavenger-Gunner 1422 | -9/Materials | Repaired Imp. Heat Sink 1560 | -9/Materials | Discovered new exit (range 5) 1861 | -9/Materials | Discovered new exit (range 7) 1899 | -9/Materials | Entered Mines 1930 | -9/Mines | Met a Derelict bent on vengeance 1998 | -9/Mines | Deemed a non-threat by the Exiles lab entrance 1998 | -9/Mines | Discovered new exit (range 5) 2005 | -9/Mines | Entered Exiles 2037 | -9/Exiles | Met 8R-AWN 2059 | -9/Exiles | Met EX-HEX 2120 | -9/Exiles | Met EX-DEC 2145 | -9/Exiles | Learned location of Zion (-7) 2214 | -9/Exiles | Discovered new exit (range 14) 2229 | -9/Exiles | Entered Mines 2301 | -8/Mines | Discovered new exit (range 8) 2320 | -8/Mines | Entered Materials 2320 | -8/Materials | Evolved 2 slots: Utility x1, Weapon x1 2674 | -8/Materials | Lost 4 parts (1p1n2w) 2721 | -8/Materials | Destroyed 17 combat bots 2934 | -8/Materials | Build established: Gunner 2942 | -8/Materials | Core integrity fell below 50% 3013 | -8/Materials | Core integrity fell below 20% 3014 | -8/Materials | Lost 11 parts (1p4n1u5w) 3101 | -8/Materials | Lost 6 parts (1p1n2u2w) 3113 | -8/Materials | Discovered new exit (range 4) 3119 | -8/Materials | Entered Factory 3119 | -7/Factory | Evolved 2 slots: Propulsion x1, Utility x1 3932 | -7/Factory | Cargo convoy interrupted 3965 | -7/Factory | Garrison activated, responded to threat 3992 | -7/Factory | Destroyed 8 combat bots 3997 | -7/Factory | Build established: Scavenger-Skirmisher 3999 | -7/Factory | Lost 9 parts (2p1n1u5w) 4067 | -7/Factory | Destroyed 8 combat bots 4186 | -7/Factory | Core integrity fell below 50% 4288 | -7/Factory | Garrison activated, responded to threat 4299 | -7/Factory | Core integrity fell below 20% 4319 | -7/Factory | First assault squad dispatched 4348 | -7/Factory | Lost 11 parts (2p3n2u4w) 4773 | -7/Factory | Build established: Scavenger-Tank 4805 | -7/Factory | Identified exit to Factory 5130 | -7/Factory | Entered another Factory area 5130 | -6/Factory | Evolved 2 slots: Utility x2 5506 | -6/Factory | Discovered new exit (range 19) 5556 | -6/Factory | Entered Extension 5556 | -6/Extension | Accompanied by 3 allies 5695 | -6/Extension | Rescued a captive Derelict 5701 | -6/Extension | Rescued a captive Derelict 5707 | -6/Extension | Rescued A7 6013 | -6/Extension | Spotted B-75 Beast 6043 | -6/Extension | Spotted B-75 Beast 6063 | -6/Extension | Destroyed B-75 Beast 6067 | -6/Extension | Allies destroyed B-75 Beast 6214 | -6/Extension | Rescued a captive Derelict 6215 | -6/Extension | Rescued a captive Derelict 6514 | -6/Extension | Discovered new exit (range 10) 6516 | -6/Extension | Discovered new exit (range 6) 6551 | -6/Extension | Entered Cetus 6551 | -6/Cetus | Accompanied by 9 allies (A7) 6556 | -6/Cetus | Acquired a Cetus Manufacturing Module code from A7 6571 | -6/Cetus | Spotted Cetus Guard 6571 | -6/Cetus | Spotted Cetus Guard 6574 | -6/Cetus | Spotted Cetus Guard 6575 | -6/Cetus | Spotted Cetus Guard 6583 | -6/Cetus | Allies destroyed Cetus Guard 6588 | -6/Cetus | Allies destroyed Cetus Guard 6588 | -6/Cetus | Allies destroyed Cetus Guard 6592 | -6/Cetus | Allies destroyed Cetus Guard 6688 | -6/Cetus | Cetus Manufacturing Module disabled 6752 | -6/Cetus | Escorted A7 to Cetus Mainframe 6786 | -6/Cetus | Failed to start Cetus Manufacturing Module 6806 | -6/Cetus | Discovered new exit (range 20) 6839 | -6/Cetus | Spotted Cetus Guard 6839 | -6/Cetus | Spotted Cetus Guard 6839 | -6/Cetus | Spotted Cetus Guard 6843 | -6/Cetus | Allies destroyed Cetus Guard 6846 | -6/Cetus | Destroyed Cetus Guard 6846 | -6/Cetus | Spotted Cetus Guard 6851 | -6/Cetus | Allies destroyed Cetus Guard 6853 | -6/Cetus | Destroyed Cetus Guard 6856 | -6/Cetus | Discovered new exit (range 20) 6872 | -6/Cetus | Met Revision 17 6932 | -6/Cetus | Identified exit to Factory 7001 | -6/Cetus | Identified exit to Archives 7005 | -6/Cetus | Entered Archives 7005 | -6/Archives | Accompanied by 4 allies (A7) 7013 | -6/Archives | Received a hacking code to weaken MAIN.C 7045 | -6/Archives | Discovered new exit (range 20) 7060 | -6/Archives | Unable to access archive contents 7134 | -6/Archives | Discovered new exit (range 20) 7150 | -6/Archives | Unable to access archive contents 7183 | -6/Archives | Discovered exit to Factory (range 20) 7193 | -6/Archives | Unable to access archive contents 7282 | -6/Archives | Unable to access archive contents 7333 | -6/Archives | Entered Hub_04(d) 7333 | -6/Hub_04(d) | Accompanied by 1 ally 7443 | -6/Hub_04(d) | Garrison activated, responded to threat 7908 | -6/Hub_04(d) | Network Hub disabled 7980 | -6/Hub_04(d) | Lost 6 parts (1n1u4w) 7988 | -6/Hub_04(d) | Destroyed 8 combat bots 8033 | -6/Hub_04(d) | First assault squad dispatched 8125 | -6/Hub_04(d) | Lost 3 parts (1p1u1w) 8158 | -6/Hub_04(d) | Disrupted transfer network 8200 | -6/Hub_04(d) | Lost 4 parts (1p2n1u) 8222 | -6/Hub_04(d) | Spotted Lightning 8222 | -6/Hub_04(d) | Spotted Lightning 8225 | -6/Hub_04(d) | Spotted Lightning 8227 | -6/Hub_04(d) | Core integrity fell below 50% 8227 | -6/Hub_04(d) | System corruption reached 10% 8258 | -6/Hub_04(d) | Destroyed Lightning 8270 | -6/Hub_04(d) | Destroyed Lightning 8294 | -6/Hub_04(d) | Destroyed Lightning 8304 | -6/Hub_04(d) | Lost 9 parts (2p2n2u3w) 8373 | -6/Hub_04(d) | Build established: Scavenger-Skirmisher 8392 | -6/Hub_04(d) | Spotted B-75 Beast 8474 | -6/Hub_04(d) | Core integrity fell below 20% 8565 | -6/Hub_04(d) | Destroyed B-75 Beast 8569 | -6/Hub_04(d) | Lost 16 parts (3p4n6u3w) 8669 | -6/Hub_04(d) | Spotted Lightning 8669 | -6/Hub_04(d) | Spotted Lightning 8695 | -6/Hub_04(d) | Lost 4 parts (1p1n2w) 8709 | -6/Hub_04(d) | Destroyed 7 combat bots 8780 | -6/Hub_04(d) | Spotted Lightning 8780 | -6/Hub_04(d) | Network Hub disabled 8780 | -6/Hub_04(d) | Spotted Lightning 8780 | -6/Hub_04(d) | Destroyed self via exploding Network Hub Last Messages --------------- 08733_ ALERT: Significant disruption in Zone 4Y, assault force dispatched. 08734_ Critical hit (Burn: +37). 08751_ >FLD|ECOFN|O9XNZM SC 08769_ System corrupted: Substantial component data lost. 08774_ Acquired 7 matter. 08779_ W-25 Informer sends out distress signal. 08780_ ALERT: Network intrusion management efficiency at 70%. 08780_ Network Hub explodes. 08780_ Door malfunctions. 08780_ Archive Unit disabled. 08780_ Destroyed Imp. Hover Unit. 08780_ Destroyed Lgt. Deuterium Engine. 08780_ Imp. Sensor Array fried. 08780_ W-25 Informer destroyed. 08780_ Mic. Nuclear Core destroyed. 08780_ Destroyed Mic. Nuclear Core. 08780_ Imp. Heat Sink destroyed. 08780_ Destroyed Imp. Heat Sink. 08780_ Imp. Proton Missile Launcher destroyed. 08780_ Destroyed Imp. Proton Missile Launcher. Map ----- +----------------------------------------------------+ | | | | | | | | | | | ??????????????????????????????????????????? | | ??????????????????????????????????????????? | | ??????????????????????????????????????????? | | ??????????????????????????????????????????? | | ??????????????????????????????????????????? | | ????????????###???####????????????????????? | | ????????????## ##?####????????????????????? | | ??????????## ##### # ## ""?? # ??????????? | | ??????????####;;###;#### "? ##??????????? | | ??????????## ! #; """" ##??????????? | | ?????????### ;# """" ##??????????? | | ????????? ## ;; i h ##??????????? | | ?????????##; ;;;;;;;###??????????? | | ?????????### ;hh ???????????? | | ?????????### ; ??????????????? | | ?????????##; ;;;;#???????????????? | | ?????????### [ ;; ???????????????? | | ??????????## %;# ?????????????????? | | ?????????????? !;# ?????????????????? | | ???????????????? ##??????????????????? | | ????????????????"#@#"?????????????????????? | | ???????????????? # ##?????????????????????? | | #############???## ##?????????????????????? | | # #???## ##?????????????????????? | | # """ !** #???## ##?????????????????????? | | # !* ###### ##?????????????????????? | | # """ !* ###### ##?????????????????????? | | # # ##?????????????????????? | | # """ """ + ##?????????????????????? | | #! # ##?????????????????????? | | # """ """ # ##?????????????????????? | | # # ##??###### ????????????? | | # """ """ # ########## ????????????? | | # # ###### # ????????????? | | # """ """ + # ????????????? | | # # ######### # ????????????? | | ?#############+########### ## ????????????? | | ?????# # ###????????????? | | ?????# """ """ """"" # ##?????????????? | | ?????# ""T"" # ##?????????????? | | ?????# """ """ # ##?????????????? | | ?????# # ##??######?????? | | ?????# # ##??# #?????? | | ?????##################+## ##### ##????? | | ??????????????# ## ##### ##????? | +----------------------------------------------------+ Best States ------------- Heat Dissipation 113 Energy Generation 45 Energy Capacity 600 Matter Stores 300 Matter Capacity 300 Sight Range 20 Terrain Scan Density 10 Corruption Block 8 Armor Coverage 225 Evasion (%) 42 Recoil Reduction 3 Particle Charging 20 Salvage Targeting 2 Item Schematics ----------------- None Robot Schematics ------------------ M-13 Machinist | -10/Materials | Hacked Fabricated ------------ Nothing Alien Tech Used ----------------- None Achievements -------------- None Challenges ------------ None Game ------ Seed SniperProcessingDissipator Manual? 0 Play Time 01:54:46 Cumulative 326.6 hours Start 2023.09.18 @ 10:13:05 End 2023.09.18 @ 12:08:30 Sessions 1 Manual Loads 0 Difficulty Rogue Special Mode None Game No. 209 Rogue 206 Adventurer 3 Explorer 0 Win Type - Total 6 Types 5/0/1/0/0/0/0/0/0 Lore% 72 Gallery% 76 Achievement% 64 Wizard Run 0 Options --------- ASCII 0 Keyboard 0 Movement Numpad Keybinds 0 Fullscreen 1 Font 18/SmallcapsGlow Map View 76x50 Tactical HUD 1 Map Filters NONE Filters NONE Steam 1 RUN: 8252ab76-db12-4ba5-8842-84689b9bb047